Map: Void Thrashing

Players

ElSir

  • Race: Terran Terran

NamroodTuo

  • Race: Zerg Zerg

VOD

Have the link to the VOD?

Description

Time

  • Played on: March 5, 2023, 1:21 p.m.
  • Length: 22:26
Show
View Real Time Build Order
Export as new Build Order

ElSir Terran 

Build Orders:  

Get SALT Encoding   

  12  0:03  SCV  
  13  0:20  SCV  
  14  0:37  SCV  
  15  0:53  SCV  
  15  0:56  Engineering Bay  
  16  1:10  SCV  
  16  1:16  Refinery  
  17  1:27  SCV  
  18  1:42  Auto-Turret  
  18  1:44  SCV  
  19  2:01  SCV  
  19  2:05  Refinery  
  20  2:12  Auto-Turret  
  20  2:18  SCV  
  21  2:35  SCV  
  22  2:49  Command Center  
  22  2:52  SCV  
  23  3:01  Tychus  
  23  3:09  SCV  
  24  3:37  SCV  
  25  3:56  SCV  
  26  4:13  SCV  
  27  4:21  Muscle Armory  
  27  4:30  SCV  
  28  4:43  Command Center  
  28  4:49  SCV  
  29  4:52  SCV  
  30  5:01  Kev Rattlesnake West  
  30  5:06  SCV  
  41  5:11  Fixers Safehouse  
  41  5:12  ITC-E Triggers  
  41  5:18  SCV  
  42  5:23  SCV  
  43  5:35  SCV  
  44  5:40  SCV  
  45  5:52  SCV  
  45  5:57  SCV  
  47  6:09  SCV  
  48  6:33  Gunslingers Hideout  
  48  6:43  SCV  
  48  6:47  Refinery  
  48  6:49  Refinery  
  49  7:00  SCV  
  49  7:06  Medivac Platform  
  49  7:07  SCV  
  51  7:17  SCV  
  52  7:24  SCV  
  53  7:34  SCV  
  54  7:51  SCV  
  55  8:08  SCV  
  56  8:25  SCV  
  57  8:42  SCV  
  58  8:55  Endurance Supplements  
  58  8:59  SCV  
  59  9:16  SCV  
  60  9:33  SCV  
  61  9:45  Vega  
  71  10:16  Umojan Signal Modulator  
  71  10:17  Moebius Aggression Blend, Secret Stash Stimpack  
  71  10:25  Flashforce GDM Visor  
  71  10:49  Moebius Psionic Motivator  
  71  10:52  Neural Disruption Device  
  71  11:54  Outlaw Weapons Level 1  
  71  13:29  James Sirius Sykes  
  81  13:47  Psi Projector  
  81  13:54  Outlaw Life and Armor Level 1  
  81  14:51  Vanadium Shell, KD9a Implosion Core  
  81  14:52  Kel-Morian Ripper Rounds  
  81  15:06  Crooked Sam  
  91  15:54  Outlaw Weapons Level 2  
  91  16:03  Moebius Restraint Matrix, LarsCorp G7 Charges  
  91  16:04  Procyon Shade Suit  
Show
View Real Time Build Order
Export as new Build Order

NamroodTuo Zerg 

Build Orders:  

Get SALT Encoding   

  12  0:05  Infested SCV  
  13  0:19  Overlord  
  13  0:39  Infested Barracks  
  13  0:44  Infested SCV  
  14  0:50  Infested SCV  
  15  1:04  Infested SCV  
  15  1:05  Infested SCV  
  15  1:09  Infested SCV  
  18  1:24  Infested SCV  
  19  1:44  Infestation Level 1  
  19  1:51  Infested Refinery  
  19  1:56  Infested Refinery  
  19  2:07  Infested SCV  
  19  2:08  Infested SCV  
  21  2:17  Infested Marine  
  21  2:18  Infested Marine  
  23  2:26  Overlord  
  23  2:31  Overlord  
  23  2:57  Infested SCV  
  23  2:58  Infested SCV  
  25  3:24  Infested SCV  
  25  3:28  Infested Barracks Tech Lab  
  24  3:43  Anaerobic Enhancement  
  24  3:54  Infested SCV  
  24  3:55  Infested SCV  
  26  4:07  Infested Engineering Bay  
  26  4:08  Infested SCV  
  31  4:34  Infested Bunker  
  31  4:36  Infested Marine  
  31  4:37  Infested Marine x7  
  39  5:02  Stukov Infantry Weapons Level 1  
  39  5:07  Retinal Augmentation  
  39  5:09  Infestation Level 2  
  39  5:36  Overlord x2  
  39  5:37  Overlord  
  39  5:41  Overlord  
  31  6:32  Infested SCV x2  
  31  6:33  Infested SCV x2  
  35  6:41  Infested Command Center  
  35  7:16  Infested Factory, Infested SCV  
  35  7:17  Infested SCV x2  
  37  7:31  Infested Marine  
  37  7:32  Infested Marine x7  
  44  7:42  Stukov Infantry Armor Level 1  
  44  8:00  Infested Barracks  
  44  8:03  Infested Barracks  
  44  8:14  Infested SCV x3  
  46  8:22  Infested SCV  
  41  8:49  Infested SCV x2  
  42  8:50  Infested SCV x2  
  42  8:58  Infested Bunker  
  48  9:00  Infested SCV  
  48  9:09  Infested SCV x2  
  51  9:23  Infested Marine  
  51  9:24  Infested Marine x14  
  66  9:43  Infested SCV x2  
  66  9:44  Infested SCV  
  69  10:08  Infested Armory  
  69  10:19  Infested Marine  
  70  10:20  Infested Marine x11  
  70  10:22  Stukov Infantry Weapons Level 2  
  81  10:32  Infested Factory Tech Lab  
  66  10:46  Infested Factory  
  66  10:50  Infested SCV x2  
  66  10:51  Infested SCV x2  
  70  11:12  Infested Marine  
  70  11:13  Infested Marine x14  
  70  11:14  Infested Marine  
  83  11:34  Infested Refinery  
  83  11:39  Infested Refinery  
  69  11:51  Infested Factory Tech Lab  
  69  11:58  Infested Factory  
  60  12:00  Infested Siege Tank x5  
  60  12:07  Infestation Level 3  
  73  12:13  Infested Marine  
  73  12:14  Infested Marine x8  
  73  12:15  Infested Marine x2  
  84  12:33  Infested Marine  
  84  12:34  Infested Marine  
  84  12:35  Infested Marine  
  75  13:06  Overseer  
  75  13:11  Aggressive Incubation  
  75  13:25  Infested Factory Tech Lab  
  68  13:32  Overseer  
  68  13:36  Overseer x3  
  68  14:37  Infested Marine x6  
  68  14:38  Infested Marine x5  
  79  14:54  Infested Siege Tank  
  79  14:55  Infested Siege Tank  
  79  14:58  Overlord x4  
  79  14:59  Overlord  
  85  15:03  Stukov Vehicle and Ship Weapons Level 1  
  85  15:08  Stukov Infantry Armor Level 2  
  85  15:58  Infested Siege Tank x2  
  85  15:59  Infested Siege Tank  
  83  16:16  Infested SCV x3  
  83  16:17  Infested SCV x2  
  88  16:26  Infested Siege Tank  
  88  16:28  Infested Siege Tank  
  94  17:38  Infested Marine  
  94  17:39  Infested Marine x13  
  105  17:40  Infested Marine x16  
  105  17:43  Stukov Vehicle and Ship Armor Level 1  
  121  18:18  Stukov Infantry Weapons Level 3  
Tags
 
Commander
StukovTychus
Matchup
Co-op
Replay Pack
Multiplayer
Add a new tag
Caveats
  • Supply blocks, unpowered buildings, or Contaminate may cause inaccurate times.
  • Supply counts are checked every 10 seconds.